 Dungeon Crawl Stone Soup version 0.28.0-53-g5a82cb258f (webtiles) character file.

Game seed: 6497771472620185593

70 DocClef the Chopper (level 4, 0/33 HPs)
             Began as a Demonspawn Gladiator on July 6, 2022.
             Slain by Sigmund
             ... wielding a +0 scythe
              (7 damage)
             ... on level 2 of the Dungeon.
             The game lasted 00:01:14 (1653 turns).

DocClef the Chopper (Demonspawn Gladiator)          Turns: 1653, Time: 00:01:14

Health: 0/33       AC: 13    Str: 22    XL:     4   Next: 3%
Magic:  4/4        EV: 12    Int:  9    God:
Gold:   51         SH:  0    Dex: 15    Spells: 3/3 levels left

rFire   . . .      SeeInvis .   a - +0 war axe
rCold   . . .      Faith    .   (no shield)
rNeg    . . .      Spirit   .   b - +0 leather armour
rPois   .          Reflect  .   c - +0 helmet
rElec   .          Harm     .   (no cloak)
rCorr   .          Rampage  .   (no gloves)
Will    .....                   (no boots)
Stlth   +.........              (no amulet)
HPRegen 0.11/turn               k - +6 ring of strength
MPRegen 0.09/turn               (no ring)

@: sanguine armoured
A: foul stench 1, sanguine armour 2
a: no special abilities


You were on level 2 of the Dungeon.
You visited 1 branch of the dungeon, and saw 2 of its levels.

You collected 51 gold pieces.

Inventory:

Hand Weapons
 a - a +0 war axe (weapon)
Missiles
 d - 3 throwing nets (quivered)
Armour
 b - a +0 leather armour (worn)
 c - a +0 helmet (worn)
Jewellery
 i - a ring of ice
 k - a +6 ring of strength (left hand)
Scrolls
 f - a scroll of teleportation {unknown}
 j - a scroll of identify {unknown}
Potions
 e - 2 potions of curing {unknown}
 g - a potion of brilliance {unknown}
 h - a potion of flight {unknown}


   Skills:
 - Level 2.0 Fighting
 + Level 4.5 Axes
 - Level 1.7 Throwing
 - Level 2.6 Dodging


You had 3 spell levels left.
You didn't know any spells.
Your spell library was empty.

Dungeon Overview and Level Annotations

Branches:
Dungeon (2/15)

Altars:

Annotations:
D:2 Sigmund


Innate Abilities, Weirdness & Mutations

You may rarely emit foul miasma when damaged in melee.
When seriously injured, your blood forms thick armour. (AC +9)


Message History

You barely miss Sigmund.
Sigmund is almost dead.
Sigmund closely misses you.
You closely miss Sigmund.
Sigmund is almost dead.
Sigmund looks at you with fury.
Sigmund points at you and mumbles some strange words.
You are confused.
You are too confused!
You barely miss Sigmund.
Sigmund is almost dead.
Sigmund barely misses you.
Sigmund hits you from afar with a +0 scythe!
Your blood congeals into armour.
You're too confused to move!
Sigmund hits you but does no damage.
You bump into the rock wall.
Sigmund hits you from afar with a +0 scythe.
You bump into the rock wall.
You feel less confused. Sigmund hits you but does no damage.
You barely miss Sigmund.
Sigmund is almost dead.
Sigmund hits you with a +0 scythe.
You hit Sigmund.
Sigmund is almost dead.
Sigmund closely misses you.
You closely miss Sigmund.
Sigmund is almost dead.
Sigmund barely misses you.
You completely miss Sigmund.
Sigmund is almost dead.
Sigmund gestures wildly while chanting.
Sigmund flickers and vanishes!
Deactivating autopickup; reactivate with Ctrl-A.
You miss something. Something hits you.
* * * LOW HITPOINT WARNING * * *
You barely miss something. Something hits you.
* * * LOW HITPOINT WARNING * * *
You barely miss something. Something hits you!
You die...

##### # #...#
##############...#######
#>...........'...'......
#.############...####
#.# #..@# #)# #..{#
#.######## #####
.......... #.#######.#
#.# #.# #.# #.# #.# #.#
#.# #.#


There were no monsters in sight!

Vanquished Creatures
  4 gnolls
  A dart slug (D:2)
  2 ball pythons (D:1)
  3 giant cockroaches (D:1)
  4 goblins (D:1)
  2 hobgoblins (D:1)
  2 jackals (D:1)
  A quokka (D:1)
  3 bats (D:1)
  A frilled lizard (D:1)
  6 kobolds
  2 rats (D:1)
31 creatures vanquished.

Vanquished Creatures (others)
  A fungus (D:1)
  4 plants (D:1)
5 creatures vanquished.

Grand Total: 36 creatures vanquished

Notes
Turn   | Place    | Note
-------+----------+-------------------------------------------
     0 | D:1      | DocClef the Demonspawn Gladiator began the quest for the
                  | Orb.
     0 | D:1      | Reached XP level 1. HP: 16/16 MP: 1/1
   234 | D:1      | Found a faded altar of an unknown god.
   261 | D:1      | Reached skill level 3 in Axes
   642 | D:1      | Gained mutation: You may rarely emit foul miasma when
                  | damaged in melee. [demonic ancestry]
   642 | D:1      | Reached XP level 2. HP: 15/22 MP: 2/2
  1180 | D:2      | Gained mutation: When seriously injured, your blood forms
                  | armour. (AC +9) [demonic ancestry]
  1180 | D:2      | Reached XP level 3. HP: 17/27 MP: 3/3
  1184 | D:1      | Reached skill level 4 in Axes
  1580 | D:2      | Gained mutation: When seriously injured, your blood forms
                  | thick armour. (AC +9) [demonic ancestry]
  1580 | D:2      | Reached XP level 4. HP: 33/33 MP: 4/4
  1630 | D:2      | Noticed Sigmund
  1653 | D:2      | Slain by Sigmund

Illustrated notes

Levels and vault maps discovered:
D:1:      dpeg_arrival_simpleton_c, layout_basic,
          shapermc_ecumenical_altar_mp_urbaneastern, moated_statue,
          due_unseen_surprise
D:2:      layout_basic, basic_altar, minmay_randomly_rotated_circles,
          uniq_sigmund

Skill      XL: |  1  2  3 |
---------------+----------+-----
Axes           | 3 4 |  4.5
Fighting       | |  2.0
Throwing       | |  1.7
Dodging        | |  2.6

Action                   |  1- 3 |  4- 6 || total
-------------------------+-------+-------++-------
Melee: War axe           |    64 |    15 ||    79
 Stab: Sleeping          |       |     1 ||     1
Armor: Leather armour    |    27 |     3 ||    30
Dodge: Dodged            |    51 |     5 ||    56
